 Dungeon Crawl Stone Soup version 0.30.1-4-g462c640d31 (webtiles) character file.

Game seed: 10313386416808570121

2854 Gorgoleon the Grappler (level 9, -6/81 HPs)
             Began as a Troll Gladiator on Aug 14, 2023.
             Mangled by an orc warlord
             ... wielding a +4 broad axe
              (18 damage)
             ... in a bailey.
             The game lasted 00:16:38 (5502 turns).

Gorgoleon the Grappler (Troll Gladiator)            Turns: 5502, Time: 00:16:38

Health: -6/81      AC:  6    Str: 26    XL:     9   Next: 46%
Magic:  8/8        EV: 10    Int:  6    God:
Gold:   666        SH:  0    Dex: 11    Spells: 8/8 levels left

rFire   . .          .
                       - Unarmed
rCold   . . .        (no shield)
rNeg    . . .        a - +2 robe
rPois   .            b - +0 hat
rElec   .            (no cloak)
rCorr   .            (gloves unavailable)
SInv    +            (boots unavailable)
Will    .....        s - amulet of regeneration
Stlth   +            x - ring of see invisible
HPRegen 1.93/turn    (no ring)
MPRegen 0.11/turn

%: no passive effects
@: mighty, hasted, very quick
A: large, unfitting armour, claws 3, regeneration 1, shaggy fur 1, tough skin 1
a: no special abilities


You were in a bailey.
You visited 2 branches of the dungeon, and saw 8 of its levels.
You also visited: Bailey.

You collected 666 gold pieces.

Inventory:

Missiles
 c - 3 throwing nets
 d - a large rock
 o - 5 poisoned darts
 q - 29 stones (quivered)
 t - 2 boomerangs
Armour
 a - a +2 robe (worn)
 b - a +0 hat (worn)
Jewellery
 h - a ring of wizardry
 i - a ring of magical power
 s - an amulet of regeneration (around neck)
 x - a ring of see invisible (left claw)
Wands
 m - a wand of charming (5)
 r - a wand of iceblast (18)
Scrolls
 e - a scroll of fear
 f - a scroll of magic mapping
 j - a scroll of teleportation
 u - 3 scrolls of fog
 w - a scroll of enchant armour
 y - a scroll of blinking
Potions
 g - a potion of invisibility
 k - 5 potions of heal wounds {unknown}
 l - 3 potions of mutation
 n - 5 potions of curing {unknown}
 p - a potion of haste
 z - a potion of resistance {unknown}
 A - a potion of brilliance {unknown}


   Skills:
 - Level 3.0 Fighting
 - Level 4.0 Throwing
 - Level 3.0 Dodging
 + Level 11.9 Unarmed Combat
 - Level 2.0 Evocations


You had 8 spell levels left.
You didn't know any spells.
Your spell library contained the following spells:

 Spells                   Type           Power      Damage    Failure   Level
 Magic Dart               Conj           0%         1d3       45%         1
 Searing Ray              Conj           0%         2d4       58%         2
 Inner Flame              Hex/Fire       0%         N/A       83%         3
 Fulminant Prism          Conj/Hex       0%         3d5       99%         4
 Yara's Violent Unravell  Hex/Tmut       0%         3d3       100%        5
 Enfeeble                 Hex            0%         N/A       100%        7


Dungeon Overview and Level Annotations

Branches:
Dungeon (7/15)             Temple (1/1) D:5          Bailey (1/1)

Altars:
Ashenzari
Fedhas
Hepliaklqana
Kikubaaqudgha
Makhleb
Nemelex Xobeh
Qazlal
Ru
Sif Muna
Uskayaw
Vehumet
Wu Jian
Yredelemnul
Zin
The Shining One


Innate Abilities, Weirdness & Mutations

You are too large for most types of armour.
You have claws for hands.
Your natural rate of healing is unusually fast.
You are covered in fur. (AC +1)
You have tough skin. (AC +1)


Message History

The orc shouts!
The goblin shouts!
An orc warrior comes into view. It is wielding a +0 broad axe.
You feel yourself speed up.
You scratch the orc but do no damage. You claw the orc!
You kill the orc!
You mangle the orc warrior!!
The orc warrior is severely wounded.
You scratch the orc warrior.
The orc warrior is severely wounded.
The orc warrior barely misses you.
You mangle the orc warrior!!
You kill the orc warrior!
You closely miss the hobgoblin. You claw the hobgoblin!
You kill the hobgoblin!
You feel very mighty all of a sudden.
The orc warlord hits you with a +4 broad axe!
You scratch the orc warlord.
The orc warlord is lightly wounded.
You mangle the orc warlord!!
The orc warlord is moderately wounded.
The orc warlord hits you with a +4 broad axe!
You scratch the orc warlord.
The orc warlord is moderately wounded.
You mangle the orc warlord!!
The orc warlord is heavily wounded.
The orc warlord hits you with a +4 broad axe!!
You barely miss the orc warlord.
The orc warlord is heavily wounded.
You claw the orc warlord!
The orc warlord is severely wounded.
The orc warlord hits you with a +4 broad axe!!
* * * LOW HITPOINT WARNING * * *
You claw the orc warlord!
The orc warlord is severely wounded.
You scratch the orc warlord.
The orc warlord is severely wounded.
The orc warlord hits you with a +4 broad axe!!
You die...

#...........#.........
#...........#.........
###.........###.......)
###.#'#.....###.###.....#
###.....###.###...
###.### ##.........###
.... ###.. #..........8#
..... #...
#..........8#g..... #...
#∩....⌠....@oo..... #...
#..........8#o..... #...
#..........8# ..... #...
##.........### .... ###..
###.....###.###...
###.###
###.#)#.....###.###.....#
###.........###.......)
#...........#.........
#...........#........)


You could see an orc warlord, an orc warrior (strong), an orc (strong) and a
goblin.

Vanquished Creatures
  Sigmund (D:6)
  A shadow (D:6)
  A black bear (D:4)
  An ice beast (D:5)
  A sky beast (D:6)
  13 orc warriors
  An ogre (D:5)
  A phantom (D:6)
  A bullfrog (D:6)
  A scorpion (D:5)
  3 wights (D:6)
  2 hounds (D:6)
  An orc priest (D:3)
  An iguana (D:5)
  3 sleepcaps
  5 orc wizards
  9 gnolls
  7 adders
  An ufetubus (D:5)
  A worm (D:3)
  4 dart slugs
  24 orcs
  5 ball pythons
  9 bats
  8 endoplasms
  5 giant cockroaches
  16 goblins
  14 hobgoblins
  2 jackals (D:4)
  2 kobolds
  8 quokkas
  2 frilled lizards (D:1)
  A rat (D:2)
155 creatures vanquished.

Notes
Turn   | Place    | Note
-------+----------+-------------------------------------------
     0 | D:1      | Gorgoleon the Troll Gladiator began the quest for the Orb.
     0 | D:1      | Reached XP level 1. HP: 19/19 MP: 0/0
    99 | D:1      | Reached XP level 2. HP: 27/27 MP: 1/1
   300 | D:1      | Reached XP level 3. HP: 31/35 MP: 2/2
   785 | D:2      | Found a faded altar of an unknown god.
  1318 | D:2      | Reached skill level 4 in Unarmed Combat
  1318 | D:2      | Reached XP level 4. HP: 41/42 MP: 3/3
  2309 | D:4      | Noticed a black bear
  2330 | D:4      | Killed a black bear
  2331 | D:4      | Reached skill level 5 in Unarmed Combat
  2331 | D:4      | Reached XP level 5. HP: 50/50 MP: 4/4
  2342 | D:4      | Found a hide-covered altar of Uskayaw.
  2342 | D:4      | Noticed a +0 spear
  2342 | D:4      | Noticed a +0 spear
  2342 | D:4      | Noticed a +0 dagger
  2343 | D:4      | Noticed a +0 dagger
  2343 | D:4      | Noticed a +0 falchion
  2344 | D:4      | Noticed a +0 short sword
  2344 | D:4      | Noticed a +0 falchion
  2344 | D:4      | Noticed a +0 short sword
  2640 | D:4      | Reached XP level 6. HP: 59/59 MP: 5/5
  2955 | D:4      | Reached skill level 6 in Unarmed Combat
  3185 | D:5      | Entered Level 5 of the Dungeon
  3266 | D:5      | Noticed an ice beast
  3286 | D:5      | Killed an ice beast
  3315 | D:5      | Found a radiant altar of Vehumet.
  3349 | D:5      | Reached XP level 7. HP: 62/67 MP: 6/6
  3405 | D:5      | Identified a scroll of acquirement
  3405 | D:5      | Acquired 409 gold pieces
  3502 | D:5      | Reached skill level 7 in Unarmed Combat
  3741 | D:5      | Reached skill level 1 in Evocations
  3842 | D:5      | Found a staircase to the Ecumenical Temple.
  3852 | Temple   | Entered the Ecumenical Temple
  4382 | D:6      | Reached skill level 8 in Unarmed Combat
  4418 | D:6      | Found an ornate altar of the Wu Jian Council.
  4419 | D:6      | Found a basalt altar of Yredelemnul.
  4422 | D:6      | Found an ancient bone altar of Kikubaaqudgha.
  4423 | D:6      | Found a shimmering blue altar of Sif Muna.
  4448 | D:6      | Noticed Sigmund
  4472 | D:6      | Killed Sigmund
  4473 | D:6      | Reached XP level 8. HP: 75/75 MP: 7/7
  4484 | D:6      | Found a hazy altar of Hepliaklqana.
  4570 | D:6      | Reached skill level 9 in Unarmed Combat
  4979 | D:6      | Reached skill level 10 in Unarmed Combat
  5048 | D:7      | Found a flagged portal.
  5057 | Bailey   | Entered a bailey
  5287 | Bailey   | Reached XP level 9. HP: 81/81 MP: 8/8
  5372 | Bailey   | Reached skill level 11 in Unarmed Combat
  5482 | Bailey   | Noticed an orc warlord
  5502 | Bailey   | Mangled by an orc warlord

Illustrated notes

Levels and vault maps discovered:
D:1:      dpeg_arrival_short_road, layout_loops_ring
D:2:      layout_basic, basic_ecumenical_altar
D:3:      layout_loops_cross, nrook_mini_vaults
D:4:      layout_gridville, nicolae_uskayaw_en_pointe
D:5:      layout_basic, mainiacjoe_overflow_cross_hatched,
          minmay_temple_entry_statues_fountains, serial_park_tiny_2
D:6:      layout_basic, nicolae_overflow_crystal_walls,
          mainiacjoe_overflow_alcove_3, moated_statue, roderic_roman_lattice,
          uniq_sigmund
D:7:      layout_cave_pods, enter_bailey_6, corexii_hall_statues_s
Temple:   hellmonk_temple_flake
Bailey:   bailey_axe_minmay_hex_keep, bailey

Skill      XL: |  1  2  3  4  5  6  7  8  9 |
---------------+----------------------------+-----
Throwing       | 2 3 4 |  4.0
Dodging        | 3 |  3.0
Fighting       | 2 3 |  3.0
Unarmed Combat | 4 5 6 8 10 11 | 11.9
Evocations     | 1 2 |  2.0

Action                     |  1- 3 |  4- 6 |  7- 9 || total
---------------------------+-------+-------+-------++-------
  Melee: Unarmed           |    99 |   107 |   215 ||   421
         Punch             |     2 |     4 |     7 ||    13
  Throw: Stone             |       |     6 |     3 ||     9
    Use: Scroll            |       |    14 |     6 ||    20
         Potion            |       |     1 |     4 ||     5
   Stab: Sleeping          |     4 |     2 |     1 ||     7
 Armour: Robe              |    29 |    47 |    32 ||   108
  Dodge: Dodged            |    44 |    43 |    58 ||   145
